 Dungeon Crawl Stone Soup version 0.28.0-43-g3370ac3207 (webtiles) character file.

Game seed: 16873069090251389563

2 4FPSwarrior the Magician (level 1, 0/11 (13) HPs)
             Began as a Demonspawn Hedge Wizard on Mar 19, 2022.
             Slain by a spectral hobgoblin (4 damage)
             ... on level 1 of the Dungeon.
             The game lasted 00:01:52 (326 turns).

4FPSwarrior the Magician (Demonspawn Hedge Wizard)   Turns: 326, Time: 00:01:52

HP:   0/11 (13)     AC:  2    Str: 10    XL:     1   Next: 25%
MP:   0/4           EV: 12    Int: 15    God:
Gold: 19            SH:  0    Dex: 12    Spells: 5/6 levels left

rFire   . . .      SeeInvis .   a - +0 dagger
rCold   . . .      Faith    .   (no shield)
rNeg    . . .      Spirit   .   b - +0 robe
rPois   .          Reflect  .   c - +0 hat
rElec   .          Harm     .   (no cloak)
rCorr   .          Rampage  .   (no gloves)
Will    .....                   (no boots)
Stlth   ++........              (no amulet)
HPRegen 0.03/turn               (no ring)
MPRegen 0.09/turn               (no ring)

@: heavily drained
A: no striking features
a: no special abilities


You were on level 1 of the Dungeon.
You visited 1 branch of the dungeon, and saw 1 of its levels.

You collected 19 gold pieces.

Inventory:

Hand Weapons
 a - a +0 dagger (weapon)
Armour
 b - a +0 robe (worn)
 c - a +0 hat (worn)


   Skills:
 - Level 1.7 Dodging
 - Level 1.7 Stealth
 + Level 3.0 Spellcasting
 + Level 1.1 Conjurations
 - Level 1.0 Summonings
 - Level 0.8 Translocations


You had 5 spell levels left.
You knew the following spells:

 Your Spells              Type           Power      Damage    Failure   Level
a - Magic Dart            Conj           20%        1d4       12%         1

Your spell library contained the following spells:

 Spells                   Type           Power      Damage    Failure   Level
 Slow                     Hex            8%         N/A       21%         1
 Call Imp                 Summ           5%         N/A       21%         2
 Blink                    Tloc           8%         N/A       22%         2
 Conjure Flame            Conj/Fire      4%         6-21      43%         3
 Mephitic Cloud           Conj/Pois/Air  3%         N/A       45%         3


Dungeon Overview and Level Annotations

Branches:
Dungeon (1/15)

Altars:


Message History

Press: ? - help, Shift-Dir - straight line, f/p - spectral hobgoblin
Aim: a spectral hobgoblin (lightly damaged, 100% to hit)
The magic dart hits the spectral hobgoblin.
The spectral hobgoblin is heavily damaged.
The spectral hobgoblin misses you. The spectral hobgoblin hits you.
Things that are here:
a +0 short sword; a kobold corpse
There is an open door here.
Casting: Magic Dart (safe; 12% risk of failure)
Confirm with . or Enter, or press ? or * to list all spells.
Aiming: Magic Dart (safe; 12% risk of failure)
Press: ? - help, Shift-Dir - straight line, f/p - spectral hobgoblin
Aim: a spectral hobgoblin (lightly damaged, 100% to hit)
The magic dart hits the spectral hobgoblin but does no damage.
The spectral hobgoblin is lightly damaged.
The spectral hobgoblin hits you.
You feel drained.
Casting: Magic Dart (safe; 12% risk of failure)
Confirm with . or Enter, or press ? or * to list all spells.
Aiming: Magic Dart (safe; 12% risk of failure)
Press: ? - help, Shift-Dir - straight line, f/p - spectral hobgoblin
Aim: a spectral hobgoblin (100% to hit)
The magic dart hits the spectral hobgoblin but does no damage.
The spectral hobgoblin closely misses you.
It was a potion of cancellation.
You feel magically purged.
The spectral hobgoblin closely misses you.
You aren't carrying any scrolls.
There is a fountain of clear blue water here.
Casting: Magic Dart (safe; 12% risk of failure)
Confirm with . or Enter, or press ? or * to list all spells.
Aiming: Magic Dart (safe; 12% risk of failure)
Press: ? - help, Shift-Dir - straight line, f/p - spectral hobgoblin
Aim: a spectral hobgoblin (100% to hit)
The magic dart hits the spectral hobgoblin.
The spectral hobgoblin is moderately damaged.
The spectral hobgoblin closely misses you.
You hit the spectral hobgoblin but do no damage.
The spectral hobgoblin is moderately damaged.
The spectral hobgoblin hits you.
You die...

########### #....r....#
##+#######(# #...# #.#
#...# #.# ###.@.### #r#
#...Z..<# #.....r..
####.......####.####...
#.............#.#
#......⌠......+.#
#.............###
####.......####
#.......# ###...###


You could see a spectral hobgoblin.

Vanquished Creatures
  A kobold (D:1)
  A rat (D:1)
2 creatures vanquished.

Notes
Turn   | Place    | Note
-------+----------+-------------------------------------------
     0 | D:1      | 4FPSwarrior the Demonspawn Hedge Wizard began the quest for
                  | the Orb.
     0 | D:1      | Reached XP level 1. HP: 13/13 MP: 4/4
   326 | D:1      | Slain by a spectral hobgoblin

Illustrated notes

Levels and vault maps discovered:
D:1:      minmay_arrival_cross, layout_basic,
          dreamdust_ecumenical_altar_drowned_temple

Action                   || total
-------------------------++-------
Melee: Dagger            ||     4
 Cast: Magic Dart        ||    14
  Use: Potion            ||     1
Armor: Robe              ||     1
Dodge: Dodged            ||     6
